 Seeded DCSS version 0.28-a0-1567-g1695149f81 (webtiles) character file.

Game seed: 127 (custom seed)

2277 knot the Cleaver (level 9, 85/94 HPs)
             Began as a Demonspawn Berserker on Jan 19, 2022.
             Was a Believer of Trog.
             Quit the game on level 7 of the Dungeon.
             The game lasted 00:06:42 (9024 turns).

knot the Cleaver (Demonspawn Berserker)             Turns: 9024, Time: 00:06:43

Health: 85/94      AC: 24    Str: 17 (19) XL:     9   Next: 16%
Magic:  18/18      EV:  2    Int: 12 (14) God:    Trog [**....]
Gold:   288        SH:  0    Dex: 12 (14) Spells: 8/8 levels left

rFire   . . .      SeeInvis .   k - +8 mace "Hellblazer" {flame, rN+ rCorr Str+2 Dex+2}
rCold   . . .      Faith    .   (no shield)
rNeg    + . .      Spirit   .   (armour currently unavailable)
rPois   +          Reflect  .   (helmet currently unavailable)
rElec   .          Harm     .   (cloak currently unavailable)
rCorr   +          Rampage  .   (gloves currently unavailable)
Will    .....      NoTele   +   (boots currently unavailable)
Stlth   +.........              (no amulet)
HPRegen 0.25/turn               E - ring of magical power
MPRegen 0.32/turn               (no ring)

@: mighty, brilliant, tree-form, hasted, very quick
A: stationary, stasis, torment immunity, boosted hp, (claws 2), (molten scales
1), magic regeneration, (horns 1), (talons 1)
a: Renounce Religion, Berserk, Trog's Hand


You were on level 7 of the Dungeon.
You worshipped Trog.
Trog was pleased with you.
You were a tree.
You visited 1 branch of the dungeon, and saw 7 of its levels.

You collected 456 gold pieces.
You spent 168 gold pieces at shops.

Inventory:

Hand Weapons
 a - a +0 hand axe
 k - the +8 mace "Hellblazer" (weapon) {flame, rN+ rCorr Str+2 Dex+2}
   (You found it on level 4 of the Dungeon)

   It burns those it strikes, dealing additional fire damage.
   Str:       It affects your strength (+2).
   Dex:       It affects your dexterity (+2).
   rN:        It protects you from negative energy.
   rCorr:     It protects you from acid and corrosion.
 I - a +2 battleaxe
Missiles
 c - 51 sling bullets
 d - 204 stones (quivered)
 n - 2 javelins
 u - 5 boomerangs
 v - 3 poisoned darts
Armour
 p - a +0 scale mail of fire resistance (melded)
 t - a +2 cloak (melded)
 G - +0 steam dragon scales
Jewellery
 E - a ring of magical power (left branch)
Wands
 b - a wand of polymorph (13)
 z - a wand of acid (5)
 B - a wand of iceblast (9)
 C - a wand of paralysis (6)
Scrolls
 f - a scroll of enchant armour {unknown}
 h - 3 scrolls of teleportation {unknown}
 i - a scroll of torment {unknown}
 j - 5 scrolls of identify {unknown}
 m - 2 scrolls of noise {unknown}
 r - a scroll of blinking {unknown}
 x - a scroll of summoning {unknown}
 y - 3 scrolls of fog {unknown}
 A - 2 scrolls of magic mapping {unknown}
 H - a scroll of vulnerability {unknown}
Potions
 e - 2 potions of lignification


   Skills:
 - Level 3.0 Fighting
 + Level 11.5 Axes
 - Level 1.7 Armour
 - Level 1.7 Dodging


You had 8 spell levels left.
You didn't know any spells.
Your spell library contained the following spells:

 Spells                   Type           Power      Damage    Failure   Level
 Foxfire                  Conj/Fire      0%         2x1d4     32%         1
 Summon Small Mammal      Summ           0%         N/A       32%         1
 Call Canine Familiar     Summ           0%         N/A       69%         3
 Conjure Flame            Conj/Fire      0%         6-21      69%         3
 Inner Flame              Hex/Fire       0%         N/A       69%         3
 Summon Guardian Golem    Hex/Summ       0%         N/A       69%         3
 Flame Wave               Conj/Fire      0%         2d4       97%         4


Dungeon Overview and Level Annotations

Branches:
Dungeon (7/15)
 Temple: D:4-7

Altars:
Ashenzari
Ru
Vehumet
Zin

Shops:
D:2 [[*((   D:4 [


Innate Abilities, Weirdness & Mutations

You are a tree.
Your roots penetrate the ground, keeping you stationary.
You cannot be teleported.
You are immune to unholy pain and torment.
Your maximum health is greatly increased.
Your equipment is partially melded.
((You have very sharp fingernails.))
((You are partially covered in molten scales. (AC +2)))
You regenerate magic rapidly.
((You have a pair of small horns on your head.))
((You have sharp toenails.))


Message History

Your will is overpowered!
You are more confused.
It was a potion of might.
You feel very mighty all of a sudden. Pikel hits you but does no damage.
It was a potion of brilliance.
You feel clever all of a sudden.
It was a potion of mutation.
You feel extremely strange.
Your toenails lengthen and sharpen.
A pair of horns grows on your head! Pikel hits you but does no damage.
It was a potion of magic.
Magic courses through your body.
It was a potion of degeneration.
There was something very wrong with that liquid.
You feel weakened.
You feel dopey.
You feel clumsy. Pikel barely misses you.
It was a potion of flight.
Your roots keep you in place.
Pikel hits you but does no damage.
It was a potion of curing.
You feel better.
You closely miss Pikel.
Pikel is lightly wounded.
Pikel hits you with a +1 whip of electrocution!
You sock Pikel! You burn Pikel.
Pikel is heavily wounded.
Pikel barely misses you.
You sock Pikel! You burn Pikel. Your punch misses Pikel.
Pikel is almost dead.
Pikel hits you but does no damage.
You thump Pikel! You burn Pikel.
You kill Pikel!
Trog accepts your kill.
With Pikel's spell broken, his former minions thank you for their freedom.
The lemure departs this earthly plane. x3
You feel your strength returning.
You feel your intelligence returning.
Your Axes skill increases to level 11!
You have reached level 9!
Your experience leads to an increase in your attributes!
Your base attributes are Str 17, Int 12, Dex 12.
Increase (S)trength, (I)ntelligence, or (D)exterity?
You feel clever. x2; Your demonic ancestry asserts itself...
Molten scales grow over part of your body.
Are you sure you want to abandon this character and quit the game? (Confirm with "yes".)

#. #.
#.##########.#
#..#...<.....#
###.###.#.#########
..........#
###.###.### #.####
#..♣.# ####)# §# §#
§# .# .# .#


There were no monsters in sight!

Vanquished Creatures
  Pikel (D:7)
  A steam dragon (D:6)
  Edmund (D:5)
  A water moccasin (D:6)
  An ice beast (D:6)
  3 sky beasts (D:6)
  A black bear (D:4)
  2 centaurs (D:6)
  A lemure (D:7)
  A water moccasin zombie (D:3)
  A scorpion (D:6)
  A water moccasin skeleton (D:4)
  2 wights (D:6)
  2 centaur zombies
  A jelly (D:4)
  A gnoll shaman (D:4)
  Crazy Yiuf (D:4)
  A centaur skeleton (D:6)
  2 bullfrog skeletons (D:6)
  An iguana (D:4)
  2 orc wizards (D:5)
  A hound skeleton (D:4)
  A howler monkey zombie (D:6)
  9 adders
  8 gnolls
  A white imp (D:6)
  An adder skeleton (D:4)
  A worm (D:3)
  3 dart slugs
  8 orcs
  8 ball pythons
  3 bats
  8 endoplasms
  2 giant cockroaches
  11 goblins
  9 hobgoblins
  2 quokkas
  4 frilled lizards
  13 kobolds
  3 rats
124 creatures vanquished.

Vanquished Creatures (others)
  25 plants (D:1)
25 creatures vanquished.

Grand Total: 149 creatures vanquished

Notes
Turn   | Place    | Note
-------+----------+-------------------------------------------
     0 | D:1      | knot the Demonspawn Berserker began the quest for the Orb.
     0 | D:1      | Reached XP level 1. HP: 18/18 MP: 1/1
    10 | D:1      | Found a faded altar of an unknown god.
   105 | D:1      | Reached skill level 3 in Axes
   194 | D:1      | Gained mutation: You have sharp fingernails. [demonic
                  | ancestry]
   194 | D:1      | Reached XP level 2. HP: 24/24 MP: 2/2
  1136 | D:2      | Found Buass's Weapon Boutique.
  1500 | D:2      | Found Getil's Antique Weapon Boutique.
  1526 | D:2      | Reached XP level 3. HP: 19/29 MP: 3/3
  1527 | D:2      | Reached skill level 4 in Axes
  2103 | D:2      | Found Tuomn's Armour Shoppe.
  2122 | D:2      | You fall into a shaft and drop 2 floors!
  2122 | D:4      | Found Weweg's Antique Armour Shoppe.
  2133 | D:4      | Found a broken altar of Ashenzari.
  2134 | D:4      | Found a radiant altar of Vehumet.
  2432 | D:4      | Identified the +8 mace "Hellblazer" {flame, rN+ rCorr Str+2
                  | Dex+2}
  2440 | D:4      | Reached XP level 4. HP: 29/35 MP: 4/4
  2534 | D:4      | Reached ** piety under Trog
  2647 | D:4      | Found a runed translucent door.
  2648 | D:4      | Noticed Crazy Yiuf
  2724 | D:4      | Noticed a scorpion
  2751 | D:4      | Reached skill level 5 in Axes
  2751 | D:4      | Reached XP level 5. HP: 41/41 MP: 5/5
  2771 | D:4      | Noticed a black bear
  2777 | D:4      | Killed a black bear
  2852 | D:4      | Reached skill level 6 in Axes
  2898 | D:4      | Gained mutation: You regenerate magic rapidly. [demonic
                  | ancestry]
  2898 | D:4      | Reached XP level 6. HP: 16/47 MP: 6/6
  3479 | D:4      | Bought a runed scale mail for 168 gold pieces
  3849 | D:2      | Found Lurim's General Store.
  4088 | D:2      | Found Coumon's Antique Armour Shoppe.
  4636 | D:3      | Reached skill level 7 in Axes
  5421 | D:4      | Killed Crazy Yiuf
  5422 | D:4      | Gained mutation: You have very sharp fingernails. [demonic
                  | ancestry]
  5422 | D:4      | Reached XP level 7. HP: 52/52 MP: 7/7
  5523 | D:5      | Entered Level 5 of the Dungeon
  5660 | D:5      | Noticed Edmund
  5680 | D:5      | Killed Edmund
  5681 | D:5      | Reached skill level 8 in Axes
  6248 | D:5      | Found a sacrificial altar of Ru.
  6848 | D:6      | Reached *** piety under Trog
  6968 | D:6      | Reached skill level 9 in Axes
  6968 | D:6      | Reached XP level 8. HP: 14/58 MP: 8/8
  7849 | D:6      | Reached skill level 10 in Axes
  9007 | D:7      | Noticed Pikel
  9015 | D:7      | Gained mutation: You have sharp toenails. [potion of
                  | mutation]
  9015 | D:7      | Gained mutation: You have a pair of small horns on your
                  | head. [potion of mutation]
  9023 | D:7      | Killed Pikel
  9024 | D:7      | Reached skill level 11 in Axes
  9024 | D:7      | Gained mutation: You are partially covered in molten
                  | scales. (AC +2) [demonic ancestry]
  9024 | D:7      | Reached XP level 9. HP: 63/63 MP: 9/9
  9024 | D:7      | Quit the game

Illustrated notes

Levels and vault maps discovered:
D:1:      amcnicky_arrival_gap_in_the_tavern_cellar, layout_basic,
          ebering_ecumenical_altar_abandoned, serial_bayou_lagoon_a
D:2:      minmay_wonky_spiral, layout_basic, serial_shops,
          nicolae_lakefront_shop, shop, shop, shop, shop_fountains
D:3:      layout_basic, minmay_goblin_kobold_house
D:4:      kb_forest_paths, layout_basic, amcnicky_altar_gilded,
          lemuel_tele_altar, serial_shops, shop, hex_tiny,
          serial_bayou_crossing, uniq_crazy_yiuf_cottage
D:5:      layout_basic, nicolae_ru_sacrificial_ziggurat, minmay_fountain_box,
          uniq_edmund
D:6:      layout_loops_corners, zin_statuary, minmay_starry_boxes
D:7:      layout_loops_ring, minmay_temple_entry_overgrown, serial_shops, shop,
          grunt_decor_cap, hangedman_decor_opposing, uniq_prince_ribbit1,
          uniq_pikel

Skill      XL: |  1  2  3  4  5  6  7  8 |
---------------+-------------------------+-----
Axes           | 3 4 5 6 7 9 11 | 11.5
Fighting       | |  3.0
Armour         | |  1.7
Dodging        | |  1.7

Action                   |  1- 3 |  4- 6 |  7- 9 || total
-------------------------+-------+-------+-------++-------
Melee: Hand axe          |   113 |       |       ||   113
       Punch             |     1 |       |     2 ||     3
       Mace              |     3 |   116 |   132 ||   251
Throw: Stone             |     5 |       |       ||     5
Invok: Berserk           |     4 |     2 |     6 ||    12
       Trog's Hand       |       |     1 |     2 ||     3
  Use: Potion            |       |       |     9 ||     9
 Stab: Distracted        |     1 |       |       ||     1
       Sleeping          |       |     1 |       ||     1
Armor: Animal skin       |    11 |     8 |       ||    19
       Scale mail        |       |    30 |    66 ||    96
       Skin              |       |       |     4 ||     4
Dodge: Dodged            |    46 |    60 |    64 ||   170

Table legend: (Time is in decaauts)
 A = Elapsed time spent in this place.
 B = Non-inter-level travel time spent in this place.
 C = Inter-level travel time spent in this place.
 D = Time resting spent in this place.
 E = Time spent auto-exploring this place.
 F = Levels seen in this place.
 G = Mean time per level.
                   A        B        C        D        E       F      G
               +--------+--------+--------+--------+--------+-----+--------+
         Total |   9220 |   8987 |    233 |   3053 |   4994 |   7 | 1317.1 |
       Dungeon |   9220 |   8987 |    233 |   3053 |   4994 |   7 | 1317.1 |
               +--------+--------+--------+--------+--------+-----+--------+

Top non-repeatable levels by time:
     D:6: 2564 daAuts
     D:4: 1822 daAuts
     D:2: 1501 daAuts
     D:3: 1164 daAuts
     D:1: 1156 daAuts
     D:5: 982 daAuts
     D:7: 28 daAuts
